 Dungeon Crawl Stone Soup version 0.22-a0-157-g169b76a (webtiles) character file.

65 KristoblXynda the Slasher (level 3, 0/29 HPs)
             Began as a Draconian Gladiator on Feb 8, 2018.
             Slain by a hobgoblin
             ... wielding a +0 spear
              (5 damage)
             ... on level 2 of the Dungeon.
             The game lasted 00:02:08 (1610 turns).

KristoblXynda the Slasher (Draconian Gladiator)     Turns: 1610, Time: 00:02:09

Health: 0/29       AC:  6    Str: 16    XL:     3   Next: 94%
Magic:  3/3        EV: 13    Int:  9    God:
Gold:   59         SH:  0    Dex: 12    Spells: 2/2 levels left

rFire    + . .     SeeInvis .   a - +0 long sword
rCold    . . .     Gourm    .   (no shield)
rNeg     . . .     Faith    .   (armour unavailable)
rPois    .         Spirit   .   b - +0 hat
rElec    .         Reflect  .   (no cloak)
rCorr    .         Harm     .   (no gloves)
MR       .....                  j - +0 pair of boots
Stlth    +.........             (no amulet)
HPRegen  0.09/turn              n - ring of protection from fire
MPRegen  0.08/turn              (no ring)

@: no status effects
A: unfitting armour, cold-blooded, AC +5
a: no special abilities


You were on level 2 of the Dungeon.
You were not hungry.

You visited 1 branch of the dungeon, and saw 2 of its levels.

You collected 59 gold pieces.

Inventory:

Hand Weapons
 a - a +0 long sword (weapon)
Missiles
 c - 3 throwing nets (quivered)
Armour
 b - a +0 hat (worn)
 j - a +0 pair of boots (worn)
Jewellery
 n - a ring of protection from fire (left hand)
Scrolls
 e - a scroll of amnesia
 f - 2 scrolls of remove curse {unknown}
 h - a scroll of identify {unknown}
 k - a scroll of enchant armour {unknown}
 l - a scroll of immolation {unknown}
 m - a scroll of teleportation
Potions
 g - a potion of flight {unknown}
 i - a potion of heal wounds {unknown}
Comestibles
 d - 3 rations


   Skills:
 - Level 2.1 Fighting
 * Level 4.2 Long Blades
 - Level 2.1 Throwing
 + Level 3.3 Dodging


You had 2 spell levels left.
You didn't know any spells.

Dungeon Overview and Level Annotations

Branches:
Dungeon (2/15)

Altars:
Kikubaaqudgha


Innate Abilities, Weirdness & Mutations

Your plain brown scales are hard. (AC +5)
You cannot fit into any form of body armour.
You are cold-blooded and may be slowed by cold attacks.


Message History

The goblin hits you but does no damage.
You barely miss the goblin.
The hobgoblin hits you from afar with a spear!
* * * LOW HITPOINT WARNING * * *
The goblin closely misses you.
You hit the goblin.
You kill the goblin!
The hobgoblin hits you but does no damage.
You closely miss the jackal. The jackal bites you.
* * * LOW HITPOINT WARNING * * *
The hobgoblin misses you.
The jackal bites you but does no damage.
You closely miss the jackal.
The jackal bites you but does no damage.
The hobgoblin hits you but does no damage.
The jackal bites you but does no damage.
You barely miss the jackal. The hobgoblin barely misses you.
The jackal misses you.
The hobgoblin hits you from afar with a spear.
You die...

....#.....# .....
#.........#.......#..
..###.....#.......#..
..# #........._.....
#'# #.....#.......#
#.....#%......#
#.....# .....
#.....####.####.#
#....$....Sh@...#
##......#.g######
#.........#
#...?..#### #......#
########


You could see an adder, a jackal and a hobgoblin.

Vanquished Creatures
  6 dart slugs (D:1)
  3 worms (D:2)
  A leopard gecko (D:1)
  7 bats
  A giant cockroach (D:1)
  3 goblins
  4 hobgoblins
  2 jackals (D:2)
  A quokka (D:2)
  4 frilled lizards (D:1)
  6 kobolds (D:1)
  6 rats
44 creatures vanquished.

Notes
Turn   | Place    | Note
-------+----------+-------------------------------------------
     0 | D:1      | KristoblXynda the Draconian Gladiator began the quest for the Orb.
     0 | D:1      | Reached XP level 1. HP: 17/17 MP: 1/1
    38 | D:1      | Reached XP level 2. HP: 18/24 MP: 2/2
   151 | D:1      | Reached XP level 3. HP: 19/29 MP: 3/3
  1194 | D:2      | Reached skill level 4 in Long Blades
  1590 | D:2      | Found an ancient bone altar of Kikubaaqudgha.
  1610 | D:2      | Slain by a hobgoblin

Vault maps used:
D:1:      dpeg_arrival_chase, st_stairs_9, minmay_small_reverse_x
D:2:      lemuel_crystal_altar, old_standard_altar, first_ration

Skill      XL: |  1  2  3 |
---------------+----------+-----
Throwing       | 2 |  2.1
Dodging        | 3 |  3.3
Long Blades    | 4 |  4.2
Fighting       | |  2.1

Action                   || total
-------------------------++-------
Melee: Long sword        ||   122
       Tailslap          ||    15
  Use: Scroll            ||     2
 Stab: Sleeping          ||     3
  Eat: Ration            ||     1
Armor: Skin              ||    43
Dodge: Dodged            ||   108
       Rpst.: Long sword ||    37

Table legend:
 A = Spawn XP
 B = Non-spawn XP
 C = Spawn XP percentage of total XP
 D = Spawn monster count
 E = Non-spawn monster count
 F = Spawn count percentage of total count
 G = Total turns spent on level
                    A         B        C        D         E        F      G
               +---------+---------+-------+---------+---------+-------+---------
         Total |       0 |      94 |   0.0 |       0 |      44 |   0.0 |  1610
               +---------+---------+-------+---------+---------+-------+---------
           D:1 |       0 |      69 |   0.0 |       0 |      34 |   0.0 |  1139
           D:2 |       0 |      25 |   0.0 |       0 |      10 |   0.0 |   471
               +---------+---------+-------+---------+---------+-------+---------
